 Dungeon Crawl Stone Soup version 0.26-a0-665-gefeb406119 (webtiles) character file.

Game seed: 3111942108192106000

6 sahdkjhfkaj the Vandal (level 2, 19/19 HPs)
             Began as a Halfling Hunter on Oct 14, 2020.
             Quit the game on level 1 of the Dungeon.
             The game lasted 00:00:36 (134 turns).

sahdkjhfkaj the Vandal (Halfling Hunter)             Turns: 134, Time: 00:00:37

Health: 19/19      AC:  3    Str: 13    XL:     2   Next: 0%
Magic:  2/2        EV: 14    Int:  9    God:
Gold:   0          SH:  0    Dex: 14    Spells: 1/1 levels left

rFire    . . .     SeeInvis .   a - +1 hunting sling
rCold    . . .     Faith    .   (shield restricted)
rNeg     . . .     Spirit   .   c - +0 leather armour
rPois    .         Reflect  .   (no helmet)
rElec    .         Harm     .   (no cloak)
rCorr    .         Rampage  .   (no gloves)
MR       .....                  (no boots)
Stlth    +.........             (no amulet)
HPRegen  0.06/turn              (no ring)
MPRegen  0.08/turn              (no ring)

@: no status effects
A: small, mutation resistance 1
a: no special abilities


You were on level 1 of the Dungeon.
You visited 1 branch of the dungeon, and saw 1 of its levels.

Inventory:

Hand Weapons
 a - a +1 hunting sling (weapon)
 b - a +0 short sword
Missiles
 d - 18 sling bullets (quivered)
 e - 46 stones
Armour
 c - a +0 leather armour (worn)
Scrolls
 f - 2 scrolls of identify {unknown}
 g - a scroll of remove curse {unknown}


   Skills:
 + Level 1.9 Fighting
 * Level 6.0 Slings
 + Level 0.4 Armour
 + Level 2.3 Dodging
 - Level 1.1 Stealth


You had one spell level left.
You didn't know any spells.
Your spell library was empty.

Dungeon Overview and Level Annotations

Branches:
Dungeon (1/15)

Altars:


Innate Abilities, Weirdness & Mutations

You are small and have problems with some larger weapons.
You are somewhat resistant to further mutation.


Message History

You shoot a sling bullet. The sling bullet hits the rat.
You kill the rat!
A bat comes into view.
Found a scroll labeled YXIKAE OJI SISTE.
A bat is nearby!
You shoot a sling bullet. The sling bullet hits the bat.
You kill the bat!
You have reached level 2!
g - a scroll labeled YXIKAE OJI SISTE
d - 18 sling bullets (gained 1)
A giant cockroach comes into view.
Things that are here:
a sling bullet; a rat corpse A giant cockroach is nearby!
A giant cockroach is nearby!
A giant cockroach is nearby!
A giant cockroach is nearby!
A giant cockroach is nearby!
A giant cockroach is nearby!
Are you sure you want to abandon this character and quit the game? (Confirm with "yes".)

........B#....#
#.........#.....
..#.............
................
.................
.................
...........$....
####......@.......
#.................
#................. ..
#................. ..
#................. ..
#.....##..........###
#.....##..........#.#
#
#.....#.........?.#.#
# #.....#.......###
#.# #


You could see a giant cockroach (asleep).

Vanquished Creatures
  A hobgoblin (D:1)
  2 bats (D:1)
  2 kobolds (D:1)
  A rat (D:1)
6 creatures vanquished.

Notes
Turn   | Place    | Note
-------+----------+-------------------------------------------
     0 | D:1      | sahdkjhfkaj the Halfling Hunter began the quest for the
                  | Orb.
     0 | D:1      | Reached XP level 1. HP: 14/14 MP: 1/1
    88 | D:1      | Reached skill level 6 in Slings
   124 | D:1      | Reached XP level 2. HP: 19/19 MP: 2/2
   134 | D:1      | Quit the game

Illustrated notes

Levels and vault maps discovered:
D:1:      lemuel_arrival_cross, layout_basic

Skill      XL: |  1 |
---------------+----+-----
Slings         | 6 |  6.0
Fighting       | |  1.9
Armour         | |  0.4
Dodging        | |  2.3
Stealth        | |  1.1

Action                   || total
-------------------------++-------
 Fire: Hunting sling     ||    13
Armor: Leather armour    ||     1
Dodge: Dodged            ||     1

Table legend: (Time is in decaauts)
 A = Elapsed time spent in this place.
 B = Non-inter-level travel time spent in this place.
 C = Inter-level travel time spent in this place.
 D = Time resting spent in this place.
 E = Time spent auto-exploring this place.
 F = Levels seen in this place.
 G = Mean time per level.
                   A        B        C        D        E       F      G
               +--------+--------+--------+--------+--------+-----+--------+
         Total |    132 |    132 |      0 |      0 |    107 |   1 |  132.0 |
       Dungeon |    132 |    132 |      0 |      0 |    107 |   1 |  132.0 |
               +--------+--------+--------+--------+--------+-----+--------+

Top non-repeatable levels by time:
     D:1: 132 daAuts
